 Dungeon Crawl Stone Soup version 0.30-a0-210-g01b79a254e (webtiles) character file.

Game seed: 5511502823788704506

345 IdlyInterested the Cutter (level 6, -3/70 HPs)
             Began as a Demonspawn Gladiator on Oct 4, 2022.
             Slain by Pikel
             ... wielding a +2 whip of flaming
              (4 damage)
             ... on level 4 of the Dungeon.
             The game lasted 00:10:14 (3315 turns).

IdlyInterested the Cutter (Demonspawn Gladiator)    Turns: 3315, Time: 00:10:15

Health: -3/70      AC: 23    Str: 15    XL:     6   Next: 32%
Magic:  9/9        EV:  2    Int: 11    God:
Gold:   202        SH:  0    Dex: 14    Spells: 9/9 levels left

rFire   . . .      SeeInvis .    a - +0 rapier
rCold   + . .      Faith    .    (no shield)
rNeg    . . .      Spirit   .    (body armour currently unavailable)
rPois   +          Reflect  .    (helmet currently unavailable)
rElec   .          Harm     .    (cloak currently unavailable)
rCorr   .          Rampage  .    (gloves currently unavailable)
Will    .....      NoTele   +    (boots currently unavailable)
Stlth   ++........               (no amulet)
HPRegen 0.31/turn                o - ring of wizardry
MPRegen 0.11/turn                p - ring of protection from cold

@: tree-form
A: stationary, stasis, torment immunity, boosted hp, (antennae 1), powered by
pain 2
a: no special abilities


You were on level 4 of the Dungeon.
You were a tree.
You visited 1 branch of the dungeon, and saw 4 of its levels.

You collected 202 gold pieces.

Inventory:

Hand Weapons
 a - a +0 rapier (weapon)
 m - a +0 long sword
Missiles
 e - a javelin
 s - 4 poisoned darts (quivered)
Armour
 b - a +0 leather armour (melded)
 i - a +2 pair of boots (melded)
 l - a +0 robe
Jewellery
 o - a ring of wizardry (left branch)
 p - a ring of protection from cold (right branch)
 r - an amulet of faith
Wands
 k - a wand of iceblast (2)
Scrolls
 f - 3 scrolls of teleportation
Potions
 c - a potion of attraction
 h - a potion of brilliance


   Skills:
 - Level 3.0 Fighting
 + Level 5.2 Short Blades
 - Level 1.7 Throwing
 - Level 2.6 Dodging
 * Level 2.3 Stealth
 - Level 2.0 Spellcasting


You had 9 spell levels left.
You didn't know any spells.
Your spell library contained the following spells:

 Spells                   Type           Power      Damage    Failure   Level
 Sublimation of Blood     Necr           1%         N/A       17%         2
 Wereblood                Tmut           1%         N/A       17%         2
 Summon Hydra             Summ           0%         N/A       100%        7


Dungeon Overview and Level Annotations

Branches:
Dungeon (4/15)
 Temple: D:4-7

Altars:
Cheibriados
Gozag
Trog
Uskayaw
Vehumet

Annotations:
D:4 Pikel


Innate Abilities, Weirdness & Mutations

You are a tree.
Your roots penetrate the ground, keeping you stationary.
You cannot be teleported.
You are immune to unholy pain and torment.
Your maximum health is greatly increased.
Your equipment is partially melded.
((You have a pair of small antennae on your head.))
You sometimes gain power by taking damage.


Message History

The net rips apart, and Pikel comes free!
Okay, then.
Okay, then.
You hit Pikel but do no damage.
Pikel is moderately wounded.
You hit Pikel but do no damage. You punch Pikel, but do no damage.
Pikel is moderately wounded.
Pikel barely misses you.
You hit Pikel.
Pikel is moderately wounded.
Pikel hits you with a +2 whip of flaming!
* * * LOW HITPOINT WARNING * * *
Pikel burns you.
* * * LOW HITPOINT WARNING * * *
You feel better.
Pikel hits you with a +2 whip of flaming.
* * * LOW HITPOINT WARNING * * *
Pikel burns you.
* * * LOW HITPOINT WARNING * * *
You feel better.
Pikel hits you with a +2 whip of flaming.
* * * LOW HITPOINT WARNING * * *
Pikel burns you.
* * * LOW HITPOINT WARNING * * *
Really quaff the potion of lignification?
You turn into a tree.
Your +2 pair of boots melds into your body.
Your +0 leather armour melds into your body.
Your roots penetrate the ground.
Pikel hits you with a +2 whip of flaming.
* * * LOW HITPOINT WARNING * * *
Pikel burns you.
* * * LOW HITPOINT WARNING * * *
You hit Pikel but do no damage.
Pikel is moderately wounded.
Pikel says, "Hell isn't that bad."
Pikel hits you with a +2 whip of flaming!
* * * LOW HITPOINT WARNING * * *
Pikel burns you.
You die...

..## #.#### ...# #.#
.# ..# #...# ###.# #
### #.#..# ##...#
#.##..# #..### #. #..#
#<## #.####..###.#
#...# #..#..# #..
###.# #..>##### .. #♣#
##......# .5
#K#####.#(..... #5
###55............
#[#.!...5.............
#.##..##...####.......
###............
#......
#...<.......##..
#...##
#....#...$...... #...
.### #.. #..........
.## ..


You could see Pikel and 3 lemures.

Vanquished Creatures
  Sigmund (D:2)
  A lemure (D:4)
  Natasha (thrice) (D:2)
  Terence (D:2)
  A statue (D:4)
  A gnoll (D:3)
  A dart slug (D:1)
  3 orcs (D:4)
  2 ball pythons (D:1)
  9 endoplasms
  2 giant cockroaches
  3 goblins
  6 hobgoblins
  2 kobolds
  5 quokkas
  5 bats
  3 frilled lizards
  3 rats
52 creatures vanquished.

Notes
Turn   | Place    | Note
-------+----------+-------------------------------------------
     0 | D:1      | IdlyInterested the Demonspawn Gladiator began the quest for
                  | the Orb.
     0 | D:1      | Reached XP level 1. HP: 16/16 MP: 1/1
     1 | D:1      | You fall into a shaft and drop 1 floor!
    68 | D:1      | Reached skill level 1 in Stealth
    84 | D:1      | Gained mutation: You sometimes gain a little power by
                  | taking damage. [demonic ancestry]
    84 | D:1      | Reached XP level 2. HP: 19/22 MP: 2/2
   170 | D:1      | Reached skill level 3 in Short Blades
   184 | D:1      | Reached skill level 1 in Spellcasting
   317 | D:1      | Found a faded altar of an unknown god.
   583 | D:1      | Gained mutation: You have a pair of small antennae on your
                  | head. [demonic ancestry]
   583 | D:1      | Reached XP level 3. HP: 27/27 MP: 4/4
   983 | D:2      | Noticed Terence
  1000 | D:2      | Killed Terence
  1078 | D:2      | Noticed Sigmund
  1092 | D:2      | Killed Sigmund
  1093 | D:2      | Reached skill level 4 in Short Blades
  1093 | D:2      | Gained mutation: You sometimes gain power by taking damage.
                  | [demonic ancestry]
  1093 | D:2      | Reached XP level 4. HP: 19/33 MP: 4/7
  1093 | D:2      | Reached XP level 5. HP: 22/38 MP: 4/8
  1536 | D:2      | Noticed Natasha
  1548 | D:2      | Killed Natasha
  1549 | D:2      | Reached skill level 5 in Short Blades
  1933 | D:2      | Noticed Natasha
  1948 | D:2      | Killed Natasha
  1949 | D:2      | Reached XP level 6. HP: 24/46 MP: 9/9
  1991 | D:2      | Noticed Natasha
  2008 | D:2      | Killed Natasha
  2407 | D:3      | Found a hide-covered altar of Uskayaw.
  2407 | D:3      | Found a bloodstained altar of Trog.
  2439 | D:3      | Found a snail-covered altar of Cheibriados.
  2553 | D:3      | Found an opulent altar of Gozag.
  3010 | D:4      | Found a radiant altar of Vehumet.
  3257 | D:4      | Noticed Pikel
  3315 | D:4      | HP: 1/70 [Pikel/+2 whip of flaming (9)]
  3315 | D:4      | Slain by Pikel

Illustrated notes

Levels and vault maps discovered:
D:1:      dpeg_arrival_yet_another_circle, layout_loops_ring,
          ebering_ecumenical_altar_mist
D:2:      layout_basic, hangedman_decor_growths, uniq_terence, uniq_sigmund,
          uniq_natasha
D:3:      layout_loops_ring, nicolae_overflow_hidden_temple,
          mainiacjoe_overflow_catwalk, grunt_temple_overflow_open, st_stairs_12
D:4:      minmay_skewed_foursquare, layout_rooms, vehumet_statue, uniq_pikel

Skill      XL: |  1  2  3  4  5  6 |
---------------+-------------------+-----
Stealth        | 1 2 |  2.3
Short Blades   | 3 4 5 |  5.2
Spellcasting   | 1 2 |  2.0
Fighting       | 3 |  3.0
Throwing       | |  1.7
Dodging        | |  2.6

Action                   |  1- 3 |  4- 6 || total
-------------------------+-------+-------++-------
Melee: Rapier            |    95 |   151 ||   246
       Punch             |       |     3 ||     3
Throw: Throwing net      |     2 |     4 ||     6
  Use: Scroll            |     4 |     8 ||    12
       Potion            |       |     3 ||     3
 Stab: Sleeping          |     2 |     5 ||     7
       Held in net/web   |     1 |     1 ||     2
Armor: Leather armour    |    21 |    10 ||    31
       Robe              |       |    12 ||    12
Dodge: Dodged            |    62 |    78 ||   140

Table legend: (Time is in decaauts)
 A = Elapsed time spent in this place.
 B = Non-inter-level travel time spent in this place.
 C = Inter-level travel time spent in this place.
 D = Time resting spent in this place.
 E = Time spent auto-exploring this place.
 F = Levels seen in this place.
 G = Mean time per level.
                   A        B        C        D        E       F      G
               +--------+--------+--------+--------+--------+-----+--------+
         Total |   3326 |   2743 |    583 |    266 |   1730 |   4 |  831.5 |
       Dungeon |   3326 |   2743 |    583 |    266 |   1730 |   4 |  831.5 |
               +--------+--------+--------+--------+--------+-----+--------+

Top non-repeatable levels by time:
     D:2: 1288 daAuts
     D:3: 882 daAuts
     D:1: 871 daAuts
     D:4: 284 daAuts
